 Dungeon Crawl Stone Soup version 0.30-a0-364-gf6b3ef1049 (webtiles) character file.

Game seed: 14818837311498231424

9169 greasedhog the Spear-Bearer (level 11, -1/89 HPs)
             Began as a Merfolk Fighter on Nov 15, 2022.
             Was a High Priest of Okawaru.
             Slain by a centaur warrior (2 damage)
             ... on level 10 of the Dungeon.
             The game lasted 00:21:07 (11583 turns).

greasedhog the Spear-Bearer (Merfolk Fighter)      Turns: 11583, Time: 00:21:08

Health: -1/89      AC: 15    Str: 20    XL:     11   Next: 42%
Magic:  15/17      EV: 18    Int:  8    God:    Okawaru [*****.]
Gold:   467        SH:  6    Dex: 14    Spells: 10/10 levels left

rFire   . . .      SeeInvis .    H - +2 spear (vorpal)
rCold   . . .      Faith    .    c - +0 buckler
rNeg    . . .      Spirit   .    n - +3 ring mail "Xapraes" {+Blink Fly rElec}
rPois   +          Reflect  .    o - +0 helmet
rElec   +          Harm     .    (no cloak)
rCorr   .          Rampage  .    u - +0 pair of gloves
Will    .....                    h - +1 pair of boots
Stlth   +++.......               (no amulet)
HPRegen 0.34/turn                a - ring "Toc Ofax" {Wiz rPois Stlth+}
MPRegen 0.15/turn                (no ring)

@: heroic, flying, studying Polearms
A: (nimble swimmer 2), mertail
a: Renounce Religion, Evoke Blink, Heroism, Finesse, Duel


You were on level 10 of the Dungeon.
You worshipped Okawaru.
Okawaru was extremely pleased with you.
You visited 2 branches of the dungeon, and saw 11 of its levels.
You also visited: Sewer and Ossuary.

You collected 467 gold pieces.

Inventory:

Hand Weapons
 H - a +2 vorpal spear (weapon)
Missiles
 G - a throwing net (quivered)
Armour
 c - a +0 buckler (worn)
 h - a +1 pair of boots (worn)
 n - the +3 ring mail "Xapraes" (worn) {+Blink Fly rElec}
   (You found it on level 9 of the Dungeon)

   rElec:     It insulates you from electricity.
   Fly:       It grants you flight.
   +Blink:    It lets you blink.
 o - a +0 helmet (worn)
 u - a +0 pair of gloves (worn)
Jewellery
 a - the ring "Toc Ofax" (left hand) {Wiz rPois Stlth+}
   (You took it off an orc wizard on level 9 of the Dungeon)

   [ring of wizardry]

   It improves your spell success rate.
   rPois:     It protects you from poison.
   Stlth:     It makes you more stealthy.
 p - a +4 ring of evasion
 s - a ring of fire
Wands
 r - a wand of flame (16)
Scrolls
 e - a scroll of torment
 f - 4 scrolls of teleportation
 i - 5 scrolls of blinking
 l - a scroll of enchant weapon
 q - a scroll of enchant armour
 w - 3 scrolls of poison
 y - 3 scrolls of fear {unknown}
 D - 2 scrolls of amnesia {unknown}
 E - a scroll of brand weapon {unknown}
 F - 3 scrolls of identify
Potions
 b - 2 potions of mutation {unknown}
 d - 2 potions of might
 g - 9 potions of curing
 j - 8 potions of heal wounds {unknown}
 k - a potion of lignification {unknown}
 m - 4 potions of brilliance {unknown}
 t - 6 potions of degeneration {unknown}
 v - a potion of resistance {unknown}
 x - a potion of invisibility {unknown}
 z - 3 potions of magic {unknown}
 A - 2 potions of haste {unknown}
 B - 2 potions of berserk rage {unknown}
 C - a potion of flight {unknown}


   Skills:
 * Level 9.0(14.0) Fighting
 * Level 11.9(16.9) Polearms
 - Level 5.1(10.1) Armour
 * Level 11.3(16.3) Dodging
 - Level 3.0(8.0) Shields
 * Level 8.5 Invocations


You had 10 spell levels left.
You didn't know any spells.
Your spell library contained the following spells:

 Spells                   Type           Power      Damage    Failure   Level
 Gell's Gravitas          Tloc           0%         N/A       65%         3
 Portal Projectile        Hex/Tloc       0%         N/A       65%         3
 Teleport Other           Tloc           0%         N/A       65%         3
 Leda's Liquefaction      Hex/Erth       0%         N/A       96%         4
 Passage of Golubria      Tloc           0%         N/A       96%         4
 Yara's Violent Unravell  Hex/Tmut       0%         3d3       100%        5
 Dispersal                Tloc           0%         N/A       100%        6
 Enfeeble                 Hex            0%         N/A       100%        7
 Call Canine Familiar     Summ           Unusable   N/A       N/A         3
 Tukima's Dance           Hex            Unusable   N/A       N/A         3

Dungeon Overview and Level Annotations

Branches:
Dungeon (10/15)            Temple (1/1) D:7            Lair (0/5) D:8
  Sewer (visited)         Ossuary (visited)
    Orc: D:9-12

Altars:
Ashenzari
Fedhas
Gozag
Hepliaklqana
Kikubaaqudgha
Makhleb
Okawaru
Qazlal
Ru
Sif Muna
Trog
Vehumet
Yredelemnul
Zin

Shops:
D:2 :   D:9 [

Annotations:
D:6 1 runed translucent door, NinjaNoafa's ghost, novice MiFi


Innate Abilities, Weirdness & Mutations

((You are very nimble when in or above water. (Stealth+, EV+, Speed+++)))
Your lower body shifts to a powerful aquatic tail in water.


Message History

You are too injured to fight recklessly!
You are too injured to fight recklessly!
You are too injured to fight recklessly!
You are too injured to fight recklessly!
You are too injured to fight recklessly!
You are too injured to fight recklessly!
You are too injured to fight recklessly!
You are too injured to fight recklessly!
You are too injured to fight recklessly!
You are too injured to fight recklessly!
You are too injured to fight recklessly!
You are too injured to fight recklessly!
You are too injured to fight recklessly!
You are too injured to fight recklessly!
You are too injured to fight recklessly!
You are too injured to fight recklessly!
Unknown command.
You puncture the meliai!
You kill the meliai!
Okawaru accepts your kill.
The centaur warrior wields a +0 shortbow.
The centaur warrior shoots an arrow.
The arrow hits you but does no damage.
Your Fighting skill increases to level 9!
The centaur warrior shoots an arrow.
The arrow completely misses you.
The freezing wraith attacks as you move away!
You block the freezing wraith's attack. The freezing wraith closely misses you.
You gain the combat prowess of a mighty hero.
The freezing wraith completely misses you.
The freezing wraith hits you but does no damage.
The centaur warrior unwields a +0 shortbow.
The centaur warrior barely misses you.
The centaur warrior kicks you but does no damage.
You puncture the centaur warrior!
The centaur warrior is lightly wounded.
The freezing wraith hits you! The freezing wraith freezes you!
* * * LOW HITPOINT WARNING * * *
The freezing wraith misses you. The centaur warrior hits you!
* * * LOW HITPOINT WARNING * * *
The centaur warrior kicks you.
You die...

#+##....#####.....#
## #..###... ......
#..##..#.... ####.
##.....##...
#..###.#...#
###.####.#...# .##
#........#...#.)..#
#......c.#..)...:..
#.....@W...#..#..).
#..........#..# .
#..........#....
#<......#..##....
#.......#...####...
#.......#..... ...
####..###...... ##
..# ######. ...


You could see a centaur warrior and a freezing wraith.

Vanquished Creatures
  A boulder beetle (D:7)
  A deep elf zephyrmancer (D:7)
  Maggie (D:7)
  A gargoyle (D:10)
  2 trolls
  A meliai (D:10)
  A hornet (D:8)
  5 yaks
  4 wyverns (D:8)
  A basilisk (D:8)
  A steam dragon (D:9)
  Duvessa (D:6)
  4 water moccasins (D:8)
  2 orc warriors
  An ice beast (D:8)
  4 black bears
  2 ogres
  3 wolves (D:8)
  2 centaurs (D:9)
  4 kobold brigands
  A gnoll sergeant (D:9)
  An elf zombie (Ossuary)
  3 necrophages
  A scorpion (D:5)
  4 wights (D:8)
  Dowan (D:6)
  18 killer bees
  A howler monkey (D:7)
  3 bullfrog zombies (D:5)
  6 centaur zombies (Ossuary)
  3 hounds
  2 jellies
  5 human zombies (Ossuary)
  11 orc priests
  7 orc wizards
  5 iguanas
  A hound zombie (D:5)
  A howler monkey zombie (D:5)
  3 mummies (Ossuary)
  Robin (D:4)
  4 gnolls (D:9)
  10 adders
  5 river rats (Sewer)
  A white imp (D:6)
  2 ufetubi
  An adder zombie (D:5)
  A worm (D:4)
  4 dart slugs
  31 orcs
  5 bats
  9 endoplasms
  13 giant cockroaches
  14 goblins
  13 hobgoblins
  2 jackals (D:2)
  6 quokkas
  11 ball pythons
  6 frilled lizards
  39 kobolds
  29 rats
326 creatures vanquished.

Vanquished Creatures (others)
  An orc wizard (D:6)
  4 fungi (D:8)
  20 plants
25 creatures vanquished.

Grand Total: 351 creatures vanquished

Notes
Turn   | Place    | Note
-------+----------+-------------------------------------------
     0 | D:1      | greasedhog the Merfolk Fighter began the quest for the Orb.
     0 | D:1      | Reached XP level 1. HP: 18/18 MP: 1/1
    41 | D:1      | Reached XP level 2. HP: 24/24 MP: 2/2
    48 | D:1      | Reached skill level 1 in Dodging
   195 | D:1      | Reached XP level 3. HP: 27/29 MP: 3/3
   545 | D:2      | Found Xyckeklyrch's Book Boutique.
   709 | D:2      | Reached XP level 4. HP: 37/37 MP: 4/4
  1406 | D:3      | Reached XP level 5. HP: 42/42 MP: 5/5
  2230 | D:4      | Found a large runed translucent door.
  2231 | D:4      | Found a large runed translucent door.
  2441 | D:4      | Reached XP level 6. HP: 27/49 MP: 6/6
  2592 | D:4      | Noticed Robin
  2628 | D:4      | Killed Robin
  3182 | D:4      | Found an iron altar of Okawaru.
  3279 | D:4      | Became a worshipper of Warmaster Okawaru
  3284 | D:4      | Found a glowing silver altar of Zin.
  3311 | D:5      | Entered Level 5 of the Dungeon
  3322 | D:5      | Reached skill level 5 in Polearms
  3357 | D:5      | Reached skill level 5 in Fighting
  3519 | D:5      | Reached XP level 7. HP: 45/56 MP: 7/7
  3593 | D:5      | Found a basalt altar of Yredelemnul.
  3770 | D:5      | Found a glowing drain.
  3796 | Sewer    | Entered a sewer
  4208 | Sewer    | Reached skill level 5 in Dodging
  4351 | Sewer    | Reached * piety under Okawaru
  4352 | Sewer    | Reached skill level 1 in Invocations
  4505 | D:5      | Reached XP level 8. HP: 36/63 MP: 9/9
  4698 | D:5      | Found a burning altar of Makhleb.
  5097 | D:6      | Noticed Duvessa
  5097 | D:6      | Noticed Dowan
  5104 | D:6      | Killed Duvessa
  5117 | D:6      | Killed Dowan
  5270 | D:6      | Found a runed translucent door.
  5283 | D:6      | Found a stormy altar of Qazlal.
  5283 | D:6      | Found an ancient bone altar of Kikubaaqudgha.
  5284 | D:6      | Found a broken altar of Ashenzari.
  5323 | D:6      | Found a sacrificial altar of Ru.
  5370 | D:6      | Noticed NinjaNoafa's ghost (novice MiFi)
  5381 | D:6      | Reached ** piety under Okawaru
  5562 | D:6      | Found a sand-covered staircase.
  5569 | Ossuary  | Entered an ossuary
  5610 | Ossuary  | Reached XP level 9. HP: 57/68 MP: 10/12
  5931 | D:6      | Reached skill level 5 in Armour
  6564 | D:7      | Found a staircase to the Ecumenical Temple.
  6572 | Temple   | Entered the Ecumenical Temple
  6605 | D:7      | Reached skill level 5 in Invocations
  7027 | D:7      | Noticed a deep elf zephyrmancer
  7051 | D:7      | Killed a deep elf zephyrmancer
  7051 | D:7      | Reached *** piety under Okawaru
  7191 | D:7      | Noticed Maggie
  7206 | D:7      | Killed Maggie
  7207 | D:7      | Reached XP level 10. HP: 46/77 MP: 11/14
  7945 | D:8      | Noticed a boulder beetle
  7945 | D:8      | Found a staircase to the Lair.
  7979 | D:7      | Killed a boulder beetle
  8334 | D:8      | Reached skill level 10 in Polearms
  8360 | D:9      | Identified the +3 ring mail "Xapraes" {+Blink Fly rElec}
  8403 | D:9      | HP: 3/79 [kobold brigand/+0 short sword (7)]
  8738 | D:9      | Identified the ring "Toc Ofax" {Wiz rPois Stlth+}
  8870 | D:9      | Reached **** piety under Okawaru
  8871 | D:9      | Reached skill level 10 in Dodging
  9360 | D:9      | Found Nuachonna's Armour Shop.
  9814 | D:10     | Entered Level 10 of the Dungeon
  9814 | D:10     | Noticed a gargoyle
  9832 | D:10     | Killed a gargoyle
  9987 | D:10     | Noticed a kobold demonologist
 10068 | D:8      | Reached XP level 11. HP: 67/86 MP: 16/16
 10435 | D:8      | Reached ***** piety under Okawaru
 11569 | D:10     | Noticed a centaur warrior
 11583 | D:10     | HP: 1/89 [centaur warrior (11)]
 11583 | D:10     | Slain by a centaur warrior

Illustrated notes

Levels and vault maps discovered:
D:1:      amcnicky_arrival_underground_garden, layout_rooms,
          serial_bayou_pond_b, minmay_pentomino_o4
D:2:      layout_rooms, serial_shops, shop, minmay_misc_feat_roman,
          grunt_ministairs_1, chequers_serial_rivers_micro_c,
          grunt_decor_arrowhead, kennysheep_nondescript,
          kennysheep_generic_room_16
D:3:      layout_loops_ring
D:4:      layout_basic, jmf_multi_god_temple2, minmay_misc_feat_nine_boxes,
          uniq_robin
D:5:      layout_loops_cross, nicolae_yredelemnul_corpse_copse,
          mainiacjoe_overflow_concentric_impassable, gup_sewer_entry_glass
D:6:      layout_gridville, nicolae_overflow_quartered_altars,
          ebering_ghost_sewer_d, chequers_ossuary_entry_cave,
          hangedman_decor_growths, uniq_duvessa
D:7:      layout_basic, minmay_temple_entry_statues_fountains,
          guppyfry_early_elven_hall, uniq_maggie
D:8:      layout_loops_ring, minmay_lair_entry_grove, minmay_manual_mess
D:9:      layout_loops_cross, serial_shops, nicolae_square_shop
D:10:     layout_roguey, serial_park_tiny_2, st_stairs_11, minmay_radiant,
          uniq_grum
Temple:   nicolae_temple_two_arcs

Skill      XL: |  1  2  3  4  5  6  7  8  9 10 11 |
---------------+----------------------------------+-----
Polearms       | 3 4 5 6 7 9 11 | 11.9
Dodging        | 1 2 3 4 5 7 8 10 11 | 11.3
Fighting       | 4 5 6 8 9 |  9.0
Armour         | 3 4 5 |  5.1
Invocations    | 1 4 5 7 8 |  8.5
Shields        | |  3.0

Action                   |  1- 3 |  4- 6 |  7- 9 | 10-12 || total
-------------------------+-------+-------+-------+-------++-------
Melee: Trident           |   102 |   251 |   657 |   159 ||  1169
       Tailslap          |       |       |    17 |       ||    17
       Spear             |       |       |       |   479 ||   479
Throw: Throwing net      |       |       |       |     1 ||     1
Invok: Heroism           |       |       |     3 |     9 ||    12
Evoke: Wand              |       |       |     3 |       ||     3
  Use: Scroll            |       |     4 |     5 |     1 ||    10
       Potion            |       |       |     1 |     3 ||     4
 Stab: Sleeping          |       |       |       |     1 ||     1
       Held in net/web   |       |       |       |     1 ||     1
Armor: Scale mail        |    65 |    24 |       |       ||    89
       Ring mail         |       |    50 |   216 |    72 ||   338
       Acid dragon scale |       |       |       |    46 ||    46
Dodge: Dodged            |    53 |   115 |   333 |   267 ||   768
Block: Buckler           |    20 |    61 |   138 |    87 ||   306

Table legend: (Time is in decaauts)
 A = Elapsed time spent in this place.
 B = Non-inter-level travel time spent in this place.
 C = Inter-level travel time spent in this place.
 D = Time resting spent in this place.
 E = Time spent auto-exploring this place.
 F = Levels seen in this place.
 G = Mean time per level.
                   A        B        C        D        E       F      G
               +--------+--------+--------+--------+--------+-----+--------+
         Total |  11303 |  10878 |    425 |   1476 |   6966 |  13 |  869.5 |
       Dungeon |  10386 |   9961 |    425 |   1476 |   6485 |  10 | 1038.6 |
        Temple |      1 |      1 |      0 |      0 |      0 |   1 |    1.0 |
         Sewer |    610 |    610 |      0 |      0 |    347 |   1 |  610.0 |
       Ossuary |    304 |    304 |      0 |      0 |    133 |   1 |  304.0 |
               +--------+--------+--------+--------+--------+-----+--------+

Top non-repeatable levels by time:
     D:7: 1744 daAuts
     D:8: 1550 daAuts
     D:9: 1397 daAuts
     D:4: 1367 daAuts
     D:5: 1074 daAuts
     D:6: 1003 daAuts
     D:2: 859 daAuts
     D:3: 616 daAuts
   Sewer: 610 daAuts
     D:1: 557 daAuts
 Ossuary: 304 daAuts
    D:10: 216 daAuts
  Temple: 1 daAuts
